 Dungeon Crawl Stone Soup version 0.23-a0-296-ga3b1b28 (webtiles) character file.

153 Ijustatesigmund the Conjurer (level 5, -3/31 HPs)
             Began as an Octopode Conjurer on Oct 5, 2018.
             Slain by Purgy (6 damage)
             ... on level 3 of the Dungeon.
             The game lasted 00:06:51 (4145 turns).

Ijustatesigmund the Conjurer (Octopode Conjurer)    Turns: 4145, Time: 00:06:52

Health: -3/31      AC:  1    Str:  8    XL:     5   Next: 35%
Magic:  0/9        EV: 13    Int: 17    God:
Gold:   154        SH:  0    Dex: 13    Spells: 4/10 levels left

rFire    . . .     SeeInvis .   i - +1 whip (drain)
rCold    . . .     Gourm    .   (no shield)
rNeg     . . .     Faith    .   (helmet restricted)
rPois    .         Spirit   .   c - amulet of the acrobat
rElec    .         Reflect  .   (no ring)
rCorr    .         Harm     .   (no ring)
MR       .....                  (no ring)
Stlth    ++++......             (no ring)
HPRegen  0.10/turn              (no ring)
MPRegen  0.11/turn              (no ring)
                                (no ring)
                                (no ring)

@: about to teleport
A: almost no armour, stealthy swim, amphibious, 8 rings, constrict 8, camouflage
1, gelatinous body 1
a: no special abilities


You were on level 3 of the Dungeon.
You were not hungry.

You visited 1 branch of the dungeon, and saw 4 of its levels.

You collected 154 gold pieces.

Inventory:

Hand Weapons
 i - a +1 whip of draining (weapon)
Jewellery
 c - an amulet of the acrobat (around mantle)
Scrolls
 a - 2 scrolls of remove curse
 k - 2 scrolls of teleportation
Potions
 e - a potion of flight
 g - a potion of curing
Comestibles
 b - 4 rations


   Skills:
 - Level 2.0 Dodging
 - Level 4.2 Stealth
 + Level 3.1 Spellcasting
 - Level 4.6 Conjurations
 + Level 2.4 Hexes


You had 4 spell levels left.
You knew the following spells:

 Your Spells              Type           Power        Failure   Level  Hunger
a - Magic Dart            Conj           ###.         2%          1    None
b - Searing Ray           Conj           ###...       4%          2    ##.....
c - Dazzling Spray        Conj/Hex       ##....       12%         3    ###....

Your spell library contained the following spells:

 Spells                   Type           Power        Failure   Level  Hunger
 Iskenderun's Mystic Bla  Conj           ###.....     26%         4    ####...
 Fulminant Prism          Conj/Hex       ##........   38%         4    ####...
 Force Lance              Conj/Tloc      ##......     54%         4    ####...


Dungeon Overview and Level Annotations

Branches:
Dungeon (4/15)
 Temple: D:4-7

Altars:
Vehumet

Annotations:
D:3 Purgy


Innate Abilities, Weirdness & Mutations

You cannot wear most types of armour.
You are very stealthy in the water. (Stealth+)
You are amphibious.
You can wear up to eight rings at the same time.
You can use your tentacles to constrict eight enemies at once.
Your skin changes colour to match your surroundings (Stealth+).
Your rubbery body absorbs attacks. (AC +1, EV +1)


Message History

Casting: Dazzling Spray (safe; 12% risk of failure)
Confirm with . or Enter, or press ? or * to list all spells.
Aiming: Dazzling Spray (safe; 12% risk of failure)
Press: ? - help, Shift-Dir - straight line, f/p - Purgy
Aim: Purgy (moderately wounded)
The spray of energy hits Purgy.
Purgy is heavily wounded.
Purgy bites you but does no damage. Purgy closely misses you. Purgy claws you.
Casting: Dazzling Spray (safe; 12% risk of failure)
Confirm with . or Enter, or press ? or * to list all spells.
Aiming: Dazzling Spray (safe; 12% risk of failure)
Press: ? - help, Shift-Dir - straight line, f/p - Purgy
Aim: Purgy (moderately wounded)
The spray of energy misses Purgy.
Purgy bites you!
* * * LOW HITPOINT WARNING * * *
Purgy barely misses you. Purgy claws you.
* * * LOW HITPOINT WARNING * * *
As you read the scroll of teleportation, it crumbles to dust.
You feel strangely unstable. Purgy bites you.
You die...

##..#.#.# #...#.#.#
#...'.#.# #...###.#
#...###.# ###..##.#
##.##.# #T##.#
####)##@#
#.....#T#######
#.....#'#.....#
+#+#.............#
...(T............#
..................#
..................#
...........>.....##
.................#


You could see Purgy.

Vanquished Creatures
  Natasha (thrice) (D:2)
  An adder (D:3)
  2 oozes
  2 worms
  3 dart slugs
  A leopard gecko (D:2)
  6 bats
  4 giant cockroaches
  2 goblins
  4 hobgoblins
  4 jackals (D:1)
  4 kobolds
  2 quokkas
  A ball python (D:3)
  2 frilled lizards (D:1)
  13 rats
54 creatures vanquished.

Notes
Turn   | Place    | Note
-------+----------+-------------------------------------------
     0 | D:1      | Ijustatesigmund the Octopode Conjurer began the quest for
                  | the Orb.
     0 | D:1      | Reached XP level 1. HP: 11/11 MP: 3/3
   489 | D:1      | Reached XP level 2. HP: 17/17 MP: 3/5
   681 | D:1      | Learned a level 2 spell: Searing Ray
  1178 | D:1      | Reached XP level 3. HP: 21/21 MP: 3/6
  1781 | D:1      | Learned a level 3 spell: Dazzling Spray
  2404 | D:2      | Found a radiant altar of Vehumet.
  2590 | D:2      | Noticed Natasha
  2595 | D:2      | Killed Natasha
  2595 | D:2      | Reached skill level 1 in Hexes
  2595 | D:2      | Reached XP level 4. HP: 18/27 MP: 1/7
  2815 | D:2      | Noticed Natasha
  2822 | D:2      | Killed Natasha
  3055 | D:2      | Noticed Natasha
  3065 | D:2      | Killed Natasha
  3065 | D:2      | Reached XP level 5. HP: 18/31 MP: 3/9
  3510 | D:3      | You fall through a shaft!
  3865 | D:3      | Noticed Purgy
  4145 | D:3      | Slain by Purgy

Vault maps used:
D:1:      onia_arrival_larder
D:2:      nicolae_overflow_crystal_walls, uniq_natasha
D:3:      lemuel_doored_altar, minitemple, minmay_misc_feat_pillars, uniq_purgy
D:4:      tso_altar

Skill      XL: |  1  2  3  4  5 |
---------------+----------------+-----
Stealth        | 3 4 |  4.2
Hexes          | 1 2 |  2.4
Spellcasting   | 3 |  3.1
Dodging        | |  2.0
Conjurations   | |  4.6

Action                   |  1- 3 |  4- 6 || total
-------------------------+-------+-------++-------
Melee: Unarmed           |    20 |       ||    20
       Tentacles         |     6 |     5 ||    11
       Constrict         |     5 |     5 ||    10
       Whip              |       |    20 ||    20
Throw: Javelin           |       |     5 ||     5
       Throwing net      |       |     2 ||     2
 Cast: Magic Dart        |    63 |    38 ||   101
       Dazzling Spray    |       |     5 ||     5
       Searing Ray       |       |     1 ||     1
  Use: Scroll            |     5 |     4 ||     9
       Potion            |       |     3 ||     3
 Stab: Sleeping          |     2 |     2 ||     4
  Eat: Chunk             |     6 |     3 ||     9
       Ration            |       |     1 ||     1
Armor: Skin              |     4 |     4 ||     8
Dodge: Dodged            |    16 |    45 ||    61

Table legend:
 A = Non-vault XP
 B = Vault XP
 C = Vault XP percentage of total XP
 D = Non-vault monster count
 E = Vault monster count
 F = Vault count percentage of total count
                 A         B        C        D         E       F
            +---------+---------+-------+---------+---------+-------
      Total |     177 |      42 |  19.2 |      46 |       8 |  14.8
            +---------+---------+-------+---------+---------+-------
        D:1 |      47 |       9 |  16.1 |      23 |       7 |  23.3
        D:2 |     102 |      33 |  24.4 |      14 |       1 |   6.7
        D:3 |      28 |       0 |   0.0 |       9 |       0 |   0.0
            +---------+---------+-------+---------+---------+-------
